AoeStats
← sqrt_neg_1

Arabia

505115340Analyzed
1v1 RM · 23d ago on Sep 7, 2026· 44m 57s· 2 players
Game mode
Random Map
Map size
Tiny (2 player)
Population
200
Speed
Normal
Resources
Standard
Victory
Conquest
Starting age
Dark Age
Ending age
Imperial Age
RankedLock teamsTeams togetherTeam positionsShared explorationLock speedFull tech treeHidden civsTurbo modeCheats
Victory
Defeat
🇺🇸 Romans · United States
937
+17
🇨🇴 Armenians · Colombia
966
-17
[AnnD] Duffin_1985
5:52 Loom
9:24 Feudal Age
9:59 Double-Bit Axe
10:36 Horse Collar
14:31 Scale Barding Armor
21:11 Castle Age
19:48 Gold Mining
22:07 Bow Saw
24:56 Wheelbarrow
24:06 Town Watch
24:29 Heavy Plow
24:51 Chain Barding Armor
28:03 Bloodlines
28:50 Stone Mining
30:46 Ballistics
31:46 Forging
31:28 Fletching
32:54 Padded Archer Armor
32:53 Bodkin Arrow
33:04 Murder Holes
34:12 Ballistas
37:38 Imperial Age
35:43 Hand Cart
36:15 Town Patrol
37:54 Heavy Scorpion
39:37 Chemistry
38:49 Siege Engineers
39:51 Crop Rotation
39:57 Masonry
41:26 Conscription
41:47 Elite Centurion
43:04 Plate Barding Armor
43:06 Iron Casting
sqrt_neg_1
5:45 Loom
10:20 Feudal Age
10:47 Man-at-Arms
11:36 Double-Bit Axe
20:50 Castle Age
19:43 Long Swordsman
20:17 Horse Collar
21:21 Town Watch
22:16 Wheelbarrow
21:40 Two-Handed Swordsman
27:34 Pikeman
29:44 Scale Mail Armor
29:55 Forging
36:32 Imperial Age
38:36 Padded Archer Armor
38:26 Fletching
38:44 Cavalier
39:24 Husbandry
39:46 Town Patrol
40:02 Hand Cart
40:13 Bow Saw
39:53 Gold Mining
39:54 Stone Mining
40:37 Heavy Plow
40:57 Scale Barding Armor
41:28 Iron Casting
42:40 Onager
43:47 Bodkin Arrow
Connection lost

Rejoining the realm…

Still unreachable

The connection could not be restored.

Session expired

The server has moved on; the page needs a fresh start.